[Event "FICS rated blitz game"]
[Site "FICS freechess.org"]
[FICSGamesDBGameNo "20002141"]
[White "twinknut"]
[Black "igrulya"]
[WhiteElo "1957"]
[BlackElo "1866"]
[WhiteRD "na"]
[BlackRD "na"]
[TimeControl "300+0"]
[Date "1999.09.28"]
[Time "11:11:00"]
[WhiteClock "0:05:00.000"]
[BlackClock "0:05:00.000"]
[ECO "B83"]
[PlyCount "125"]
[Result "1/2-1/2"]

1. e4 c5 2. Nf3 e6 3. Nc3 Nc6 4. d4 cxd4 5. Nxd4 d6 6. Be2 Nf6 7. O-O Be7 8. f4 O-O 9. Kh1 Bd7 10. Bf3 Qb8 11. Be3 Nxd4 12. Qxd4 e5 13. Qd2 exf4 14. Bxf4 Bc6 15. Rad1 Rd8 16. Nd5 Bxd5 17. exd5 Qc7 18. Rde1 Re8 19. c3 Bf8 20. h3 Rxe1 21. Rxe1 Re8 22. Bg5 Rxe1+ 23. Qxe1 Be7 24. Bxf6 gxf6 25. Be4 Qc4 26. Bb1 Kf8 27. Qe4 Qf1+ 28. Kh2 h6 29. Qf5 Qe2 30. Bd3 Qe5+ 31. Qxe5 fxe5 32. Bf5 Bg5 33. Kg3 Ke7 34. Kf3 Bc1 35. b3 b5 36. Bd3 Bd2 37. Bxb5 Bxc3 38. Ke4 Kf6 39. Be2 Kg5 40. g3 f5+ 41. Kf3 e4+ 42. Ke3 h5 43. h4+ Kg6 44. Bb5 Be5 45. Kf2 f4 46. gxf4 Bxf4 47. Be8+ Kh6 48. b4 Bd2 49. a3 Bf4 50. a4 Bd2 51. b5 Kg7 52. Ke2 Ba5 53. Bxh5 Kf6 54. Ke3 Ke5 55. Bf7 Bb6+ 56. Ke2 Kf4 57. h5 Kg5 58. Be8 Kh6 59. Bf7 Kg5 60. Be8 Kh6 61. Bf7 Kg5 62. Be8 Kh6 63. Bf7 {Game drawn by repetition} 1/2-1/2

[Event "FICS rated blitz game"]
[Site "FICS freechess.org"]
[FICSGamesDBGameNo "20002140"]
[White "menTALy"]
[Black "telephone"]
[WhiteElo "1474"]
[BlackElo "1416"]
[WhiteRD "na"]
[BlackRD "na"]
[TimeControl "300+0"]
[Date "1999.09.28"]
[Time "09:48:00"]
[WhiteClock "0:05:00.000"]
[BlackClock "0:05:00.000"]
[ECO "B44"]
[PlyCount "58"]
[Result "0-1"]

1. e4 c5 2. Nf3 Nc6 3. d4 cxd4 4. Nxd4 e6 5. c4 a6 6. Be3 Nge7 7. Nc3 Ng6 8. f4 Bb4 9. Qc2 O-O 10. a3 Bxc3+ 11. Qxc3 f6 12. f5 exf5 13. Nxf5 Nge5 14. b4 d6 15. Rd1 Bxf5 16. exf5 Qe8 17. c5 dxc5 18. Bc4+ Kh8 19. Be6 cxb4 20. axb4 Qh5 21. Bc5 Qh4+ 22. g3 Qe4+ 23. Kf2 Ng4+ 24. Kg1 Nce5 25. Re1 Nf3+ 26. Kg2 Nxe1+ 27. Kh3 Nf3 28. Rf1 Ng5+ 29. Kh4 Ne3+ {White resigns} 0-1

[Event "FICS rated blitz game"]
[Site "FICS freechess.org"]
[FICSGamesDBGameNo "20002139"]
[White "Mans"]
[Black "ovonianos"]
[WhiteElo "1709"]
[BlackElo "1488"]
[WhiteRD "na"]
[BlackRD "na"]
[TimeControl "180+0"]
[Date "1999.09.28"]
[Time "09:16:00"]
[WhiteClock "0:03:00.000"]
[BlackClock "0:03:00.000"]
[ECO "C34"]
[PlyCount "39"]
[Result "1-0"]

1. e4 e5 2. f4 exf4 3. Nf3 d6 4. Bc4 Bg4 5. d4 g5 6. h3 Bh5 7. O-O Bg7 8. c3 Nc6 9. Qe1 Bxf3 10. Rxf3 f6 11. Qe2 Nge7 12. b4 a6 13. a4 Qd7 14. Rf1 h5 15. h4 Na7 16. e5 d5 17. exf6 Bxf6 18. Bd3 O-O 19. Qxh5 Qe8 20. Qh7# {Black checkmated} 1-0

[Event "FICS rated blitz game"]
[Site "FICS freechess.org"]
[FICSGamesDBGameNo "20002138"]
[White "Wardo"]
[Black "battaille"]
[WhiteElo "1242"]
[BlackElo "1345"]
[WhiteRD "na"]
[BlackRD "na"]
[TimeControl "120+12"]
[Date "1999.09.28"]
[Time "08:44:00"]
[WhiteClock "0:02:00.000"]
[BlackClock "0:02:00.000"]
[ECO "D00"]
[PlyCount "97"]
[Result "1-0"]

1. d4 d5 2. e3 Nf6 3. Bd3 Bg4 4. Nf3 c5 5. c3 c4 6. Bc2 e6 7. O-O Bd6 8. Nbd2 O-O 9. h3 Bh5 10. Qe1 Nc6 11. g4 Bg6 12. Bxg6 fxg6 13. Nh2 Qc7 14. f4 Rae8 15. Nhf3 Ne4 16. Ne5 Bxe5 17. fxe5 Rxf1+ 18. Qxf1 Rf8 19. Qg2 Qf7 20. Nxe4 dxe4 21. Bd2 Qf3 22. Qxf3 exf3 23. Kf2 h5 24. g5 b5 25. h4 a5 26. b3 cxb3 27. axb3 b4 28. cxb4 axb4 29. Ra6 Nd8 30. Bxb4 Rf5 31. Ra8 Rf4 32. Ba5 Rf8 33. Rxd8 Rxd8 34. Bxd8 Kf7 35. Kxf3 Ke8 36. Bc7 Kd7 37. Bd6 Kc6 38. b4 Kd5 39. b5 Kc4 40. b6 Kd5 41. b7 Kc6 42. b8=Q Kd5 43. Qb2 Kc4 44. e4 Kd3 45. Qb3+ Kxd4 46. Qxe6 Kd3 47. Qd5+ Kc3 48. Ke2 Kc2 49. Qd2+ {Black resigns} 1-0

[Event "FICS rated blitz game"]
[Site "FICS freechess.org"]
[FICSGamesDBGameNo "20002137"]
[White "Leinad"]
[Black "gamecat"]
[WhiteElo "2036"]
[BlackElo "1305"]
[WhiteRD "na"]
[BlackRD "na"]
[TimeControl "120+12"]
[Date "1999.09.28"]
[Time "08:27:00"]
[WhiteClock "0:02:00.000"]
[BlackClock "0:02:00.000"]
[ECO "C00"]
[PlyCount "28"]
[Result "1-0"]

1. e4 e6 2. Nf3 Nc6 3. Bb5 a6 4. Bxc6 bxc6 5. O-O Bb7 6. d4 d5 7. e5 c5 8. c3 cxd4 9. cxd4 c5 10. Nbd2 Nh6 11. Nb3 Nf5 12. dxc5 Bc6 13. Qc2 Rc8 14. a4 Be7 {Black resigns} 1-0

[Event "FICS rated blitz game"]
[Site "FICS freechess.org"]
[FICSGamesDBGameNo "20002136"]
[White "wbn"]
[Black "Democrito"]
[WhiteElo "1437"]
[BlackElo "1436"]
[WhiteRD "na"]
[BlackRD "na"]
[TimeControl "120+12"]
[Date "1999.09.28"]
[Time "08:09:00"]
[WhiteClock "0:02:00.000"]
[BlackClock "0:02:00.000"]
[ECO "C69"]
[PlyCount "46"]
[Result "0-1"]

1. e4 e5 2. Nf3 Nc6 3. Bb5 a6 4. Bxc6 dxc6 5. O-O f6 6. Nh4 Bc5 7. Qh5+ g6 8. Nxg6 hxg6 9. Qxh8 Be6 10. c3 Qd6 11. b4 Ba7 12. Ba3 b5 13. Qg7 O-O-O 14. Bc1 Bc4 15. Re1 Ne7 16. Na3 Rg8 17. Nxc4 bxc4 18. Qf7 Rh8 19. a4 f5 20. b5 Qc5 21. Ba3 Qxf2+ 22. Kh1 Rxh2+ 23. Kxh2 Qh4# {White checkmated} 0-1

[Event "FICS rated blitz game"]
[Site "FICS freechess.org"]
[FICSGamesDBGameNo "20002134"]
[White "spalpeen"]
[Black "jmchess"]
[WhiteElo "1604"]
[BlackElo "1574"]
[WhiteRD "na"]
[BlackRD "na"]
[TimeControl "300+0"]
[Date "1999.09.28"]
[Time "06:28:00"]
[WhiteClock "0:05:00.000"]
[BlackClock "0:05:00.000"]
[ECO "A01"]
[PlyCount "76"]
[Result "0-1"]

1. b3 e5 2. Bb2 Nc6 3. Nf3 d6 4. e4 Bg4 5. Be2 Nf6 6. Nc3 Be7 7. d3 O-O 8. h3 Bxf3 9. Bxf3 Nd4 10. Qd2 b5 11. O-O-O b4 12. Nd5 Nxd5 13. exd5 a5 14. Bxd4 exd4 15. Be4 h6 16. f4 Bh4 17. Rhg1 Bg3 18. Rdf1 Qh4 19. Rf3 Rac8 20. Kb1 f5 21. Bxf5 Rxf5 22. Qe2 Rcf8 23. Qe6+ Kh8 24. Rgf1 Rxf4 25. Qd7 Rxf3 26. gxf3 Qd8 27. Qg4 Be5 28. f4 Qf6 29. Rg1 Bxf4 30. Qd7 Rf7 31. Qe8+ Kh7 32. Qe4+ Qf5 33. Qe8 Be3 34. Re1 Qf2 35. Rd1 Qf3 36. Re1 Bd2 37. Rg1 Bc3 38. a4 Qf1+ {White resigns} 0-1

[Event "FICS rated standard game"]
[Site "FICS freechess.org"]
[FICSGamesDBGameNo "20002133"]
[White "pubes"]
[Black "EdWong"]
[WhiteElo "1272"]
[BlackElo "1638"]
[WhiteRD "na"]
[BlackRD "na"]
[TimeControl "240+20"]
[Date "1999.09.28"]
[Time "05:52:00"]
[WhiteClock "0:04:00.000"]
[BlackClock "0:04:00.000"]
[ECO "A00"]
[PlyCount "36"]
[Result "0-1"]

1. Nc3 e6 2. Nf3 Bb4 3. Ne4 Qe7 4. c3 Bc5 5. d4 Bd6 6. e3 f5 7. Ng3 Bxg3 8. fxg3 d5 9. Qa4+ c6 10. Bd3 b5 11. Qc2 Nf6 12. O-O Ng4 13. Re1 O-O 14. h3 Nf6 15. Ne5 a5 16. Rf1 Ba6 17. g4 g6 18. Qe2 Nbd7 {White resigns} 0-1

[Event "FICS rated blitz game"]
[Site "FICS freechess.org"]
[FICSGamesDBGameNo "20002132"]
[White "LordByron"]
[Black "finnian"]
[WhiteElo "1397"]
[BlackElo "1461"]
[WhiteRD "na"]
[BlackRD "na"]
[TimeControl "300+0"]
[Date "1999.09.28"]
[Time "03:58:00"]
[WhiteClock "0:05:00.000"]
[BlackClock "0:05:00.000"]
[ECO "B03"]
[PlyCount "96"]
[Result "0-1"]

1. e4 Nf6 2. e5 Nd5 3. d4 d6 4. c4 Nb6 5. f4 g6 6. Nf3 Bg7 7. Nc3 O-O 8. b3 Bg4 9. Be2 dxe5 10. dxe5 Qxd1+ 11. Bxd1 Nc6 12. Be3 Bh6 13. O-O Rfd8 14. Be2 Rab8 15. Rad1 Nb4 16. a3 Nc2 17. Bf2 Nxa3 18. Ng5 Bxg5 19. Bxg4 Bh6 20. g3 Nc2 21. Bf3 Nb4 22. Be4 c6 23. Bxb6 axb6 24. Na4 b5 25. cxb5 cxb5 26. Nc3 Bf8 27. Nxb5 e6 28. Nd6 Bxd6 29. Rxd6 Rxd6 30. exd6 b6 31. Rc1 Rd8 32. Rd1 Kf8 33. Bb7 Ke8 34. Be4 Kd7 35. Kf2 Rc8 36. Ke3 Rc3+ 37. Kd4 Rxb3 38. Kc4 Rb2 39. Kb5 Nd5+ 40. Ka6 Kxd6 41. h4 Kc5 42. Rc1+ Kd4 43. Bf3 b5 44. Bxd5 Kxd5 45. Rc7 b4 46. Rxf7 b3 47. Kb5 Rg2 48. Kb4 b2 {White resigns} 0-1

[Event "FICS rated blitz game"]
[Site "FICS freechess.org"]
[FICSGamesDBGameNo "20002131"]
[White "TallSteve"]
[Black "LordByron"]
[WhiteElo "1381"]
[BlackElo "1397"]
[WhiteRD "na"]
[BlackRD "na"]
[TimeControl "300+0"]
[Date "1999.09.28"]
[Time "03:00:00"]
[WhiteClock "0:05:00.000"]
[BlackClock "0:05:00.000"]
[ECO "A00"]
[PlyCount "119"]
[Result "1-0"]

1. g4 d5 2. g5 c6 3. d4 Qc7 4. h4 f6 5. Nf3 Na6 6. Nc3 Bf5 7. a3 Nb8 8. Qd2 Nd7 9. Qf4 Qxf4 10. Bxf4 Bxc2 11. Bc7 Rc8 12. Ba5 b6 13. Bb4 e5 14. Bxf8 Kxf8 15. dxe5 fxe5 16. Bh3 Rd8 17. Bxd7 Rxd7 18. Nxe5 Re7 19. Nxc6 Re8 20. Nxd5 Ne7 21. Ncxe7 Rxe7 22. Nxe7 Kxe7 23. O-O Rf8 24. Rac1 Bf5 25. Rc7+ Kd6 26. Rxa7 g6 27. Rxh7 Kc5 28. Rc7+ Kb5 29. Rfc1 Re8 30. e3 Re4 31. f4 Rxe3 32. Kf2 Rh3 33. R1c4 Rxh4 34. Kg3 Rh3+ 35. Kg2 Rd3 36. a4+ Ka5 37. Rc3 Rd2+ 38. Kf3 Rxb2 39. Ke3 Kxa4 40. R7c4+ Ka5 41. Kd4 b5 42. Rc5 Rf2 43. Ke5 Re2+ 44. Kf6 Ka4 45. Re5 Rd2 46. Rcc5 b4 47. Ra5+ Kb3 48. Rab5 Kc3 49. Re3+ Kc4 50. Rxf5 gxf5 51. Kxf5 b3 52. Re4+ Kc3 53. Re1 b2 54. g6 Kb3 55. g7 Rg2 56. Kf6 Ka2 57. Kf7 b1=Q 58. Rxb1 Rxg7+ 59. Kxg7 Kxb1 60. f5 {Black resigns} 1-0

[Event "FICS rated blitz game"]
[Site "FICS freechess.org"]
[FICSGamesDBGameNo "20002129"]
[White "Radames"]
[Black "Thorax"]
[WhiteElo "1824"]
[BlackElo "1903"]
[WhiteRD "na"]
[BlackRD "na"]
[TimeControl "120+12"]
[Date "1999.09.28"]
[Time "01:54:00"]
[WhiteClock "0:02:00.000"]
[BlackClock "0:02:00.000"]
[ECO "B12"]
[PlyCount "114"]
[Result "1/2-1/2"]

1. e4 c6 2. d4 d5 3. e5 Bf5 4. Nc3 e6 5. g4 Bg6 6. Nge2 h6 7. f4 Bb4 8. Bd2 Nd7 9. Ng3 Qh4 10. a3 Bxc3 11. Bxc3 Be4 12. Rg1 Qxh2 13. Nxe4 dxe4 14. Rg2 Qxf4 15. Bd2 Qf3 16. Qxf3 exf3 17. Rf2 Ne7 18. Rxf3 Nb6 19. c4 O-O-O 20. Bc3 Na4 21. Rxf7 Nxc3 22. bxc3 Ng6 23. Rb1 b6 24. c5 Rd7 25. Rxd7 Kxd7 26. cxb6 axb6 27. Rxb6 Kc7 28. Ra6 Kb7 29. Ra4 Nf4 30. Ba6+ Kb6 31. Bc4 Rf8 32. Rb4+ Kc7 33. a4 Ra8 34. Kf2 Nd5 35. Bxd5 cxd5 36. c4 dxc4 37. Rxc4+ Kd7 38. Ke3 g6 39. Ke4 h5 40. gxh5 gxh5 41. Kf4 Rg8 42. a5 h4 43. Rc2 h3 44. a6 Ra8 45. Ra2 h2 46. Rxh2 Rxa6 47. Rh7+ Kc6 48. Ke4 Ra1 49. Re7 Re1+ 50. Kf4 Kd5 51. Rd7+ Kc4 52. Rd6 Rf1+ 53. Kg5 Kd3 54. Rxe6 Kxd4 55. Rf6 Re1 56. e6 Kd5 57. Kf5 Re5+ {Game drawn by mutual agreement} 1/2-1/2

[Event "FICS rated lightning game"]
[Site "FICS freechess.org"]
[FICSGamesDBGameNo "20002128"]
[White "MrButts"]
[Black "WinnieDPooh"]
[WhiteElo "1397"]
[BlackElo "1875"]
[WhiteRD "na"]
[BlackRD "na"]
[TimeControl "60+0"]
[Date "1999.09.28"]
[Time "01:16:00"]
[WhiteClock "0:01:00.000"]
[BlackClock "0:01:00.000"]
[ECO "B90"]
[PlyCount "74"]
[Result "0-1"]

1. e4 c5 2. Nf3 d6 3. d4 cxd4 4. Nxd4 Nf6 5. Nc3 a6 6. Bd3 e5 7. Nf3 Be7 8. O-O O-O 9. Bg5 b5 10. Nd5 Nxd5 11. exd5 Bxg5 12. Nxg5 Qxg5 13. c4 Qf6 14. Rb1 Bd7 15. b3 bxc4 16. bxc4 Bf5 17. a4 Nd7 18. Bxf5 Qxf5 19. Rb3 Nc5 20. Rf3 Qg6 21. Rg3 Qf6 22. Re1 Rae8 23. Rf3 Qg6 24. Ree3 h6 25. Rg3 Qh7 26. Rh3 f5 27. Re2 f4 28. f3 Kh8 29. Rb2 Rf7 30. Rb6 Rd8 31. Qb1 Qxb1+ 32. Rxb1 Rb7 33. Rf1 Rb2 34. Rh5 Kh7 35. Rf5 Rdb8 36. g3 fxg3 37. hxg3 Rc2 {White forfeits on time} 0-1

[Event "FICS rated blitz game"]
[Site "FICS freechess.org"]
[FICSGamesDBGameNo "20002127"]
[White "mgoody"]
[Black "Candel"]
[WhiteElo "1811"]
[BlackElo "1770"]
[WhiteRD "na"]
[BlackRD "na"]
[TimeControl "60+15"]
[Date "1999.09.27"]
[Time "23:31:00"]
[WhiteClock "0:01:00.000"]
[BlackClock "0:01:00.000"]
[ECO "A60"]
[PlyCount "103"]
[Result "1-0"]

1. d4 Nf6 2. c4 c5 3. d5 e6 4. Nc3 exd5 5. cxd5 d6 6. Nf3 Be7 7. e4 O-O 8. Be2 Re8 9. O-O Bg4 10. Qb3 b6 11. Bf4 a6 12. h3 Bh5 13. Rfc1 Bg6 14. Nd2 b5 15. a3 c4 16. Qc2 Nbd7 17. b3 cxb3 18. Qxb3 Nc5 19. Qb4 Nh5 20. Be3 Rc8 21. a4 bxa4 22. Nxa4 Rb8 23. Qa3 Bf6 24. Bxc5 Bxa1 25. Bxd6 Be5 26. Bxb8 Bxb8 27. Nc5 Qg5 28. Nf3 Qe7 29. Qxa6 Nf4 30. Bb5 Rf8 31. Qb6 Bh5 32. Rc3 Qf6 33. Qxf6 gxf6 34. Nd7 Rd8 35. Nxf6+ Kg7 36. Nxh5+ Nxh5 37. Nd4 Be5 38. Rd3 Ra8 39. Rd1 Nf4 40. Nc6 Bc7 41. d6 Bb6 42. d7 Ne6 43. Bc4 Nd8 44. Ne7 Ra4 45. Nf5+ Kf8 46. Bd5 Rb4 47. Rd2 Bc7 48. f3 h5 49. Rc2 Rb1+ 50. Kf2 Bb6+ 51. Kg3 Rf1 52. Kh4 {Black resigns} 1-0

[Event "FICS rated lightning game"]
[Site "FICS freechess.org"]
[FICSGamesDBGameNo "20002126"]
[White "Deadh"]
[Black "Blitzdoc"]
[WhiteElo "1746"]
[BlackElo "1841"]
[WhiteRD "na"]
[BlackRD "na"]
[TimeControl "120+0"]
[Date "1999.09.27"]
[Time "22:51:00"]
[WhiteClock "0:02:00.000"]
[BlackClock "0:02:00.000"]
[ECO "D00"]
[PlyCount "103"]
[Result "1/2-1/2"]

1. d4 d5 2. e4 dxe4 3. Nc3 f5 4. f3 exf3 5. Nxf3 Nf6 6. Bc4 h6 7. Ne5 e6 8. Ng6 Rg8 9. O-O Nc6 10. d5 exd5 11. Re1+ Kf7 12. Bxd5+ Qxd5 13. Nxd5 Kxg6 14. Nxf6 Kxf6 15. Qf3 Bc5+ 16. Kh1 Be6 17. Qc3+ Kf7 18. Qxc5 Rad8 19. Bf4 Rd5 20. Qc3 Rgd8 21. h3 g5 22. Bxc7 g4 23. Bxd8 Nxd8 24. Re4 fxe4 25. Rf1+ Ke7 26. Qg7+ Kd6 27. Qf8+ Kc7 28. Qf4+ Kb6 29. hxg4 Nc6 30. Qxe4 Bg8 31. c4 Re5 32. Qg6 Bxc4 33. b4 Bxf1 34. Kg1 Bc4 35. Kf2 Bxa2 36. Qc2 Bd5 37. Kg3 Re4 38. Qf2+ Kc7 39. Qc5 Be6 40. b5 Re5 41. Kf3 Rxc5 42. Kf4 Rxb5 43. g5 Rb2 44. gxh6 Rxg2 45. h7 Rh2 46. Kg5 Rxh7 47. Kg6 a5 48. Kxh7 a4 49. Kg6 a3 50. Kg5 Bf5 51. Kf6 a2 52. Kxf5 {Black ran out of time and White has no material to mate} 1/2-1/2

[Event "FICS rated blitz game"]
[Site "FICS freechess.org"]
[FICSGamesDBGameNo "20002125"]
[White "currie"]
[Black "genRandom"]
[WhiteElo "1946"]
[BlackElo "1899"]
[WhiteRD "na"]
[BlackRD "na"]
[TimeControl "180+0"]
[Date "1999.09.27"]
[Time "22:42:00"]
[WhiteClock "0:03:00.000"]
[BlackClock "0:03:00.000"]
[ECO "B15"]
[PlyCount "43"]
[Result "1-0"]

1. e4 c6 2. d4 d5 3. Nc3 g6 4. e5 h5 5. Nf3 Nh6 6. h3 Bf5 7. Bg5 Qc7 8. Bd3 e6 9. Bxh6 Bxh6 10. Bxf5 gxf5 11. Qd3 a6 12. Na4 b6 13. Nc3 c5 14. O-O Nc6 15. Rac1 Bxc1 16. Rxc1 cxd4 17. Nxd4 Nxe5 18. Qe2 Nc6 19. Nxd5 Qd6 20. Nf6+ Ke7 21. Nxf5+ Kxf6 22. Nxd6 {Black resigns} 1-0

[Event "FICS rated blitz game"]
[Site "FICS freechess.org"]
[FICSGamesDBGameNo "20002124"]
[White "Greywolf"]
[Black "Ramsed"]
[WhiteElo "1709"]
[BlackElo "1696"]
[WhiteRD "na"]
[BlackRD "na"]
[TimeControl "300+0"]
[Date "1999.09.27"]
[Time "22:18:00"]
[WhiteClock "0:05:00.000"]
[BlackClock "0:05:00.000"]
[ECO "E60"]
[PlyCount "112"]
[Result "0-1"]

1. Nf3 Nf6 2. g3 g6 3. Bg2 Bg7 4. O-O O-O 5. c4 d6 6. d4 c5 7. dxc5 dxc5 8. Qxd8 Rxd8 9. Nc3 Nc6 10. Bg5 h6 11. Bf4 g5 12. Be3 Be6 13. Rad1 Bxc4 14. Bxc5 b6 15. Ba3 Rac8 16. Rxd8+ Rxd8 17. Nxg5 Nd4 18. Nge4 Nxe4 19. Nxe4 Nxe2+ 20. Kh1 f5 21. Bxe7 Rd7 22. Nf6+ Bxf6 23. Bxf6 Kf7 24. Be5 Ke6 25. f4 Nxg3+ 26. hxg3 Bxf1 27. Bxf1 Rd1 28. Kg2 Rd2+ 29. Kf3 Rd1 30. Bc4+ Ke7 31. Bb3 Rg1 32. Bc2 Ke6 33. Bd3 Ra1 34. a3 Rc1 35. Ba6 Rd1 36. Bc8+ Kf7 37. Bxf5 Rf1+ 38. Kg4 Rg1 39. Be4 a6 40. Kf3 b5 41. g4 Rf1+ 42. Ke2 Rc1 43. Bb7 a5 44. Ba6 b4 45. axb4 axb4 46. Bd6 Rb1 47. Bc4+ Kf6 48. b3 Rh1 49. Bxb4 Rh2+ 50. Kf3 Rh3+ 51. Kg2 Re3 52. g5+ hxg5 53. fxg5+ Kg6 54. Kf2 Re8 55. Bd3+ Kxg5 56. Bd2+ Kf6 {White forfeits on time} 0-1

[Event "FICS rated blitz game"]
[Site "FICS freechess.org"]
[FICSGamesDBGameNo "20002123"]
[White "TheRick"]
[Black "toe"]
[WhiteElo "1321"]
[BlackElo "1400"]
[WhiteRD "na"]
[BlackRD "na"]
[TimeControl "120+12"]
[Date "1999.09.27"]
[Time "18:49:00"]
[WhiteClock "0:02:00.000"]
[BlackClock "0:02:00.000"]
[ECO "A80"]
[PlyCount "26"]
[Result "0-1"]

1. d4 f5 2. Nc3 d5 3. f3 e6 4. e4 Nf6 5. e5 Nh5 6. f4 Qh4+ 7. g3 Nxg3 8. Be3 Nxh1+ 9. Kd2 Qxh2+ 10. Kc1 Nf2 11. Bxf2 Qxf2 12. Nh3 Qe3+ 13. Kb1 Bb4 {White resigns} 0-1

[Event "FICS rated blitz game"]
[Site "FICS freechess.org"]
[FICSGamesDBGameNo "20002122"]
[White "Nivek"]
[Black "phatboy"]
[WhiteElo "1174"]
[BlackElo "1096"]
[WhiteRD "na"]
[BlackRD "na"]
[TimeControl "300+6"]
[Date "1999.09.27"]
[Time "15:06:00"]
[WhiteClock "0:05:00.000"]
[BlackClock "0:05:00.000"]
[ECO "C50"]
[PlyCount "116"]
[Result "0-1"]

1. e4 e5 2. Nf3 Nc6 3. Bc4 h6 4. Nc3 Nf6 5. O-O b6 6. d3 Bb7 7. d4 d6 8. dxe5 Nxe5 9. Nxe5 dxe5 10. Qxd8+ Rxd8 11. Bb5+ c6 12. Bc4 a6 13. Be3 b5 14. Bd3 Bb4 15. Bd2 O-O 16. a3 Be7 17. Na2 c5 18. Ba5 Rc8 19. c4 Bxe4 20. Bxe4 Nxe4 21. cxb5 axb5 22. Rae1 Ra8 23. Bc7 Nd2 24. Rxe5 Bf6 25. Rxc5 Nxf1 26. Kxf1 Bxb2 27. Rxb5 Bxa3 28. Nb4 Rfe8 29. f3 Bxb4 30. Rxb4 Rec8 31. Bf4 Ra2 32. h3 Kh7 33. Kg1 Rac2 34. Kh2 R8c4 35. Bd6 Rxb4 36. Bxb4 f5 37. Kg3 g6 38. h4 h5 39. Kh3 Kg7 40. g4 fxg4+ 41. fxg4 hxg4+ 42. Kxg4 Rc4+ 43. Kg5 Rxb4 44. h5 Rb5+ 45. Kh4 gxh5 46. Kh3 Kg6 47. Kh4 Rb4+ 48. Kh3 Kg5 49. Kg3 h4+ 50. Kh3 Rb3+ 51. Kg2 Kg4 52. Kh2 h3 53. Kg1 Kg3 54. Kf1 h2 55. Ke2 h1=R 56. Kd2 Rh2+ 57. Kc1 Rf3 58. Kd1 Rf1# {White checkmated} 0-1

[Event "FICS rated blitz game"]
[Site "FICS freechess.org"]
[FICSGamesDBGameNo "20002121"]
[White "edlemp"]
[Black "Chesney"]
[WhiteElo "1827"]
[BlackElo "1661"]
[WhiteRD "na"]
[BlackRD "na"]
[TimeControl "300+0"]
[Date "1999.09.27"]
[Time "13:34:00"]
[WhiteClock "0:05:00.000"]
[BlackClock "0:05:00.000"]
[ECO "D52"]
[PlyCount "53"]
[Result "1-0"]

1. d4 d5 2. c4 e6 3. Nf3 Nf6 4. Bg5 Nbd7 5. e3 c6 6. Nc3 Qa5 7. Bxf6 Nxf6 8. Bd3 Be7 9. O-O O-O 10. a3 a6 11. b4 Qc7 12. Rc1 Bd7 13. e4 dxe4 14. Nxe4 Rad8 15. Qe2 Bc8 16. h3 h6 17. Nxf6+ Bxf6 18. Qe4 g6 19. Rfd1 e5 20. dxe5 Bf5 21. Qe3 Bxd3 22. exf6 Kh7 23. Rxd3 Rde8 24. Qd2 Rd8 25. Rd1 Rxd3 26. Qxd3 Qf4 27. Qd6 {Black resigns} 1-0

[Event "FICS rated blitz game"]
[Site "FICS freechess.org"]
[FICSGamesDBGameNo "20002120"]
[White "bobcat"]
[Black "szura"]
[WhiteElo "1695"]
[BlackElo "1537"]
[WhiteRD "na"]
[BlackRD "na"]
[TimeControl "180+0"]
[Date "1999.09.27"]
[Time "11:08:00"]
[WhiteClock "0:03:00.000"]
[BlackClock "0:03:00.000"]
[ECO "A02"]
[PlyCount "37"]
[Result "1-0"]

1. f4 Nc6 2. Nf3 d5 3. e3 Bg4 4. Be2 Nf6 5. O-O e6 6. d4 Bd6 7. Nbd2 Qd7 8. h3 Bf5 9. c4 dxc4 10. Nxc4 Be4 11. Nfe5 Bxe5 12. Nxe5 Nxe5 13. dxe5 Nd5 14. Bd2 O-O-O 15. Rc1 Kb8 16. Ba5 b6 17. Bd2 f5 18. Ba6 c5 19. a4 {Black resigns} 1-0

[Event "FICS rated blitz game"]
[Site "FICS freechess.org"]
[FICSGamesDBGameNo "20002119"]
[White "antoon"]
[Black "prattlemeister"]
[WhiteElo "1295"]
[BlackElo "1486"]
[WhiteRD "na"]
[BlackRD "na"]
[TimeControl "120+12"]
[Date "1999.09.27"]
[Time "09:56:00"]
[WhiteClock "0:02:00.000"]
[BlackClock "0:02:00.000"]
[ECO "B13"]
[PlyCount "64"]
[Result "0-1"]

1. e4 c6 2. d4 d5 3. exd5 cxd5 4. Nc3 Nc6 5. Bb5 Nf6 6. Bg5 e6 7. Nf3 Be7 8. Ne5 Bd7 9. O-O O-O 10. Nf3 a6 11. Bd3 b5 12. Ne2 Na5 13. b3 Nb7 14. c3 Nd6 15. Ng3 Rc8 16. Rc1 Nfe4 17. Bxe7 Qxe7 18. Qe2 Nxc3 19. Bxh7+ Kh8 20. Qd3 b4 21. Ne5 Bb5 22. Qf3 Nde4 23. Nxe4 Nxe4 24. Bxe4 dxe4 25. Qh5+ Kg8 26. Rfe1 Rxc1 27. Rxc1 Rd8 28. Nc6 Bxc6 29. Rxc6 Qd7 30. Rc1 Qxd4 31. h3 e3 32. Qh4 Qxh4 {White resigns} 0-1

[Event "FICS rated lightning game"]
[Site "FICS freechess.org"]
[FICSGamesDBGameNo "20002118"]
[White "alexhine"]
[Black "Vincia"]
[WhiteElo "1602"]
[BlackElo "1782"]
[WhiteRD "na"]
[BlackRD "na"]
[TimeControl "60+0"]
[Date "1999.09.27"]
[Time "09:34:00"]
[WhiteClock "0:01:00.000"]
[BlackClock "0:01:00.000"]
[ECO "B01"]
[PlyCount "54"]
[Result "0-1"]

1. e4 d5 2. Bd3 d4 3. Nf3 c5 4. Bc4 Nc6 5. d3 e5 6. O-O Nf6 7. Ng5 Be6 8. Bxe6 fxe6 9. Nxe6 Qe7 10. Nxf8 Kxf8 11. f4 exf4 12. Bxf4 Kf7 13. e5 Nxe5 14. Qe2 Rhe8 15. Nd2 Kg8 16. Ne4 Nxe4 17. dxe4 c4 18. Bxe5 Qxe5 19. Qxc4+ Kh8 20. Rf5 Qxe4 21. Raf1 Qe3+ 22. Kh1 h6 23. Qc5 Rac8 24. Qxa7 Rxc2 25. Qxb7 Qe2 26. Rf8+ Rxf8 27. Rxf8+ Kh7 {White forfeits on time} 0-1

[Event "FICS rated blitz game"]
[Site "FICS freechess.org"]
[FICSGamesDBGameNo "20002117"]
[White "Jongleur"]
[Black "amrie"]
[WhiteElo "1517"]
[BlackElo "1643"]
[WhiteRD "na"]
[BlackRD "na"]
[TimeControl "180+0"]
[Date "1999.09.27"]
[Time "09:34:00"]
[WhiteClock "0:03:00.000"]
[BlackClock "0:03:00.000"]
[ECO "B09"]
[PlyCount "63"]
[Result "1-0"]

1. e4 d6 2. d4 Nf6 3. Nc3 g6 4. Bd3 Bg7 5. f4 O-O 6. Nf3 c6 7. Be3 Ng4 8. Qe2 Qa5 9. Bd2 b5 10. h3 Nh6 11. f5 b4 12. fxg6 bxc3 13. gxh7+ Kh8 14. bxc3 Ba6 15. c4 Qa4 16. O-O Nd7 17. Nh4 e5 18. Nf5 Nxf5 19. exf5 f6 20. c3 Rae8 21. d5 cxd5 22. cxd5 Bxd3 23. Qxd3 Nc5 24. Qe3 Qh4 25. Rf3 e4 26. Rf4 Qh6 27. Rg4 Nd3 28. Qxh6 Bxh6 29. Bxh6 Rf7 30. Be3 Rxh7 31. Rf1 Rf8 32. Kh2 {Black forfeits on time} 1-0

[Event "FICS rated blitz game"]
[Site "FICS freechess.org"]
[FICSGamesDBGameNo "20002116"]
[White "Biel"]
[Black "UnPion"]
[WhiteElo "1663"]
[BlackElo "1664"]
[WhiteRD "na"]
[BlackRD "na"]
[TimeControl "180+0"]
[Date "1999.09.27"]
[Time "09:33:00"]
[WhiteClock "0:03:00.000"]
[BlackClock "0:03:00.000"]
[ECO "C34"]
[PlyCount "39"]
[Result "0-1"]

1. f4 e5 2. e4 d6 3. Nf3 exf4 4. Bc4 Nf6 5. Nc3 Be6 6. Bxe6 fxe6 7. d4 Be7 8. O-O O-O 9. e5 dxe5 10. dxe5 Nd5 11. Nxd5 Qxd5 12. Qxd5 exd5 13. Nd4 g5 14. Ne6 Rc8 15. Bd2 Kf7 16. Nd4 Bc5 17. c3 Nc6 18. e6+ Ke7 19. Kh1 Nxd4 20. cxd4 {White resigns} 0-1